 Dungeon Crawl Stone Soup version 0.22.1-1-ga44c0e5 (webtiles) character file.

16201 Iscandelvey the Thaumaturge (level 11, -14/74 HPs)
             Began as a Demigod Wizard on Oct 5, 2018.
             Shot with an arrow by a centaur warrior (26 damage)
             ... on level 13 of the Dungeon.
             The game lasted 01:56:19 (20063 turns).

Iscandelvey the Thaumaturge (Demigod Wizard)       Turns: 20063, Time: 01:56:20

Health: -14/74     AC: 10    Str: 10    XL:     11   Next: 78%
Magic:  21/29      EV: 15    Int: 28    God:
Gold:   761        SH:  0    Dex: 14    Spells: 14/29 levels left

rFire    . . .     SeeInvis .   R - +1 shortbow (freeze)
rCold    . . .     Gourm    .   (shield currently unavailable)
rNeg     . . .     Faith    .   P - +3 leather armour {MR+}
rPois    .         Spirit   .   L - +2 hat
rElec    .         Reflect  .   (no cloak)
rCorr    .         Harm     +   t - +0 pair of gloves
MR       ++...                  j - +0 pair of boots
Stlth    ++++......             y - amulet of harm
HPRegen  0.22/turn              c - +1 ring of evasion
MPRegen  0.21/turn              W - ring of stealth

@: no status effects
A: high mp 1
a: no special abilities


You were on level 13 of the Dungeon.
You were full.

You visited 1 branch of the dungeon, and saw 14 of its levels.

You collected 948 gold pieces.
You spent 187 gold pieces at shops.

Inventory:

Hand Weapons
 B - the +0 trident of Hubris {speed, Dex+3 SInv}
   (You bought it in a shop on level 4 of the Dungeon)

   Attacks with this weapon are significantly faster.
   It affects your dexterity (+3).
   It lets you see invisible.
 R - a +1 shortbow of freezing (weapon)
Missiles
 f - 205 arrows (quivered)
Armour
 j - a +0 pair of boots (worn)
 t - a +0 pair of gloves (worn)
 L - a +2 hat (worn)
 P - a +3 leather armour of magic resistance (worn)
Jewellery
 b - an uncursed ring of protection from fire
 c - a +1 ring of evasion (left hand)
 k - an uncursed ring of protection from fire
 p - an uncursed ring of flight
 q - an uncursed amulet of rage
 y - an amulet of harm (around neck)
 H - an uncursed amulet of the gourmand
 W - a ring of stealth (right hand)
Wands
 e - a wand of polymorph (15)
 g - a wand of flame (22)
 h - a wand of acid (5)
 A - a wand of paralysis (5)
 M - a wand of enslavement (16)
 N - a wand of iceblast (28)
 T - a wand of clouds (5)
 Y - a wand of digging (42)
Scrolls
 a - a scroll of torment {unknown}
 i - 7 scrolls of teleportation
 l - a scroll of identify
 s - 5 scrolls of remove curse
 x - 2 scrolls of vulnerability {unknown}
 z - 2 scrolls of magic mapping {unknown}
 F - 5 scrolls of blinking
 G - 3 scrolls of fear
 I - 2 scrolls of fog {unknown}
 J - a scroll of random uselessness {unknown}
 K - a scroll of immolation {unknown}
Potions
 m - a potion of lignification {unknown}
 n - 2 potions of haste
 o - a potion of degeneration {unknown}
 u - 2 potions of brilliance {unknown}
 w - 8 potions of curing
 C - a potion of cancellation {unknown}
 D - a potion of ambrosia {unknown}
 U - 6 potions of heal wounds
 X - 2 potions of mutation {unknown}
Miscellaneous
 S - a lightning rod (4/4)
 V - a phial of floods
 Z - a sack of spiders
Comestibles
 d - 30 rations


   Skills:
   Level 0.5 Slings
 + Level 8.2 Bows
 + Level 3.8 Armour
 + Level 4.7 Dodging
 + Level 5.5 Stealth
 * Level 9.6 Spellcasting
 * Level 8.3 Conjurations
 + Level 0.2 Hexes
 + Level 0.8 Summonings
 + Level 2.5 Translocations
 + Level 2.9 Fire Magic
 + Level 2.3 Air Magic
 + Level 0.8 Earth Magic
 + Level 3.1 Poison Magic


You had 14 spell levels left.
You knew the following spells:

 Your Spells              Type           Power        Failure   Level  Hunger
b - Blink                 Tloc           N/A          3%          2    None
c - Call Imp              Summ           ###.....     6%          2    None
d - Conjure Flame         Conj/Fire      #####...     1%          3    None
e - Mephitic Cloud        Conj/Pois/Air  #####...     2%          3    None
f - Slow                  Hex            ##......     8%          2    None
g - Stone Arrow           Conj/Erth      #####.       2%          3    None

Your spell library contained the following spells:

 Spells                   Type           Power        Failure   Level  Hunger
 Magic Dart               Conj           ####         1%          1    None
 Sandblast                Erth           ###...       3%          1    None
 Passwall                 Tmut/Erth      ###.....     7%          2    None
 Petrify                  Tmut/Erth      ###.....     41%         4    None
 Lee's Rapid Deconstruct  Erth           ###.......   71%         5    ####...


Dungeon Overview and Level Annotations

Branches:
Dungeon (14/15)            Temple (0/1) D:6            Lair (0/6) D:10
    Orc (0/2) D:11
 Vaults: D:13-14

Shops:
D:4 :((%:   D:5 %

Portals:
Trove: D:12 (give 11 potions of heal wounds)

Annotations:
D:12 1 runed door


Innate Abilities, Weirdness & Mutations

You have an increased reservoir of magic. (+10% MP)


Message History

Aim: a centaur warrior, wielding a shortbow (heavily wounded, poisoned)
You shoot an arrow. The arrow hits the centaur warrior!
The arrow freezes the centaur warrior.
The centaur warrior is severely wounded.
The centaur warrior shoots an arrow.
The arrow hits you but does no damage.
Casting: Conjure Flame (safe; 1% risk of failure)
Confirm with . or Enter, or press ? or * to list all spells.
Aiming: Mephitic Cloud (safe; 2% risk of failure)
Press: ? - help, Shift-Dir - straight line, f/p - centaur warrior
Aim: a centaur warrior, wielding a shortbow (severely wounded, poisoned)
The ball explodes into a vile cloud!
The stinking cloud engulfs the centaur warrior.
The centaur warrior is severely wounded.
You hear a chilling moan. x3
The centaur warrior is engulfed in noxious fumes.
The centaur warrior shoots an arrow.
The arrow hits you!!
* * * LOW HITPOINT WARNING * * *
The centaur warrior is engulfed in noxious fumes.
The centaur warrior shoots an arrow.
The arrow hits you!!
You die...

#..#........#.
#..#........#.
#..##'####..#.
##.......####.
#.........)..
#....#'######
######....#...
#####.........#.....
#.(§§@........#.......
#(§c#####'''#.#.......
#.(.# .....#.#.......
#...# .....#.#.......
#...# .....# #.(.#
......# #...# ......#
...(# .###


You could see a centaur warrior.

Vanquished Creatures
  Erolcha (D:10)
  A two-headed ogre (D:12)
  Pikel (D:7)
  A deep elf mage (D:13)
  A manticore (D:12)
  2 cyclopes
  Joseph (D:8)
  A gargoyle (D:13)
  3 hornets
  2 trolls
  3 hippogriffs
  22 yaks
  Sigmund (D:3)
  3 wraiths
  A human (D:12)
  A wyvern (D:10)
  2 hogs (D:12)
  A hungry ghost (D:13)
  4 vampire mosquitoes (D:12)
  A water moccasin (D:9)
  A slave (D:7)
  A sky beast (D:9)
  3 ice beasts
  2 black bears
  7 orc warriors
  5 ogres
  2 phantoms
  10 centaurs
  2 big kobolds
  11 bullfrogs
  A water moccasin zombie (D:9)
  2 wyvern zombies
  3 scorpions
  9 killer bees
  7 wights
  7 howler monkeys
  5 crimson imps
  4 orc priests
  2 bullfrog zombies
  6 hounds
  A quasit (D:11)
  2 bullfrog skeletons
  2 jellies
  Jessica (D:2)
  2 iguanas
  4 orc wizards
  6 worker ants
  4 hound zombies
  A hound skeleton (D:6)
  4 gnolls (D:6)
  10 adders
  A howler monkey skeleton (D:11)
  A shadow imp (D:8)
  An ooze (D:1)
  An adder skeleton (D:4)
  2 worms
  3 dart slugs
  3 leopard geckos
  31 orcs
  7 giant cockroaches
  8 goblins
  8 hobgoblins
  7 jackals (D:6)
  2 quokkas
  5 bats
  3 frilled lizards
  2 jackal zombies
  13 kobolds
  A quokka skeleton (D:3)
  6 rats
285 creatures vanquished.

Vanquished Creatures (others)
  A slave (D:7)
1 creature vanquished.

Grand Total: 286 creatures vanquished

Notes
Turn   | Place    | Note
-------+----------+-------------------------------------------
     0 | D:1      | Iscandelvey the Demigod Wizard began the quest for the Orb.
     0 | D:1      | Reached XP level 1. HP: 14/14 MP: 6/6
    90 | D:1      | Reached skill level 3 in Spellcasting
   434 | D:1      | Reached XP level 2. HP: 20/20 MP: 5/8
  1534 | D:1      | Reached XP level 3. HP: 18/26 MP: 10/10
  1809 | D:2      | Reached skill level 1 in Conjurations
  2175 | D:1      | Learned a level 2 spell: Blink
  2178 | D:1      | Learned a level 2 spell: Call Imp
  2182 | D:1      | Learned a level 3 spell: Conjure Flame
  2399 | D:2      | Noticed Jessica
  2404 | D:2      | Killed Jessica
  2404 | D:2      | Reached XP level 4. HP: 33/33 MP: 6/12
  2406 | D:2      | Reached skill level 4 in Spellcasting
  3011 | D:3      | Noticed Sigmund
  3136 | D:4      | Learned a level 3 spell: Mephitic Cloud
  3576 | D:3      | Noticed a bullfrog
  3591 | D:3      | Killed a bullfrog
  3591 | D:3      | Reached skill level 1 in Armour
  3591 | D:3      | Reached XP level 5. HP: 31/38 MP: 6/14
  3753 | D:3      | Killed Sigmund
  3753 | D:3      | Reached XP level 6. HP: 45/45 MP: 10/16
  4297 | D:4      | Found Subuishu's Book Shoppe.
  4556 | D:4      | Reached skill level 1 in Poison Magic
  4608 | D:4      | Found Sostayqu's Weapon Shop.
  4816 | D:4      | Found Yshatops's Antique Weapon Boutique.
  4835 | D:4      | Bought a transparent trident for 187 gold pieces
  4839 | D:4      | Identified the cursed +0 trident of Hubris {speed, Dex+3
                  | SInv} (You bought it in a shop on level 4 of the Dungeon)
  4881 | D:4      | Found Zeckod's Food Shop.
  5087 | D:4      | Found Ruilout's Book Emporium.
  5297 | D:5      | Entered Level 5 of the Dungeon
  5297 | D:5      | Found Luno's Food Shoppe.
  5373 | D:5      | Reached XP level 7. HP: 49/50 MP: 14/17
  5587 | D:5      | Reached skill level 1 in Translocations
  5587 | D:5      | Reached skill level 1 in Air Magic
  5841 | D:5      | Reached skill level 5 in Spellcasting
  6564 | D:6      | Reached XP level 8. HP: 53/57 MP: 11/19
  6959 | D:6      | Found a staircase to the Ecumenical Temple.
  7591 | D:7      | Noticed Pikel
  7662 | D:7      | Killed Pikel
  7662 | D:7      | Reached skill level 6 in Spellcasting
  7662 | D:7      | Reached skill level 1 in Fire Magic
  8641 | D:6      | Reached XP level 9. HP: 54/62 MP: 15/23
  9591 | D:7      | Reached skill level 7 in Spellcasting
 10703 | D:8      | Found a bloodstained altar of Trog.
 10844 | D:8      | Reached skill level 5 in Conjurations
 10888 | D:8      | Paralysed by a hornet for 3 turns
 11102 | D:8      | Noticed Joseph
 11131 | D:8      | Killed Joseph
 11790 | D:8      | Learned a level 2 spell: Slow
 12441 | D:9      | Reached skill level 5 in Stealth
 12449 | D:9      | Reached XP level 10. HP: 35/69 MP: 23/26
 12626 | D:9      | Reached skill level 8 in Spellcasting
 13180 | D:10     | Entered Level 10 of the Dungeon
 13485 | D:10     | Noticed Erolcha
 13491 | D:10     | Killed Erolcha
 14538 | D:10     | Found a staircase to the Lair.
 14879 | D:11     | Found a staircase to the Orcish Mines.
 14879 | D:11     | Noticed a death knight
 15000 | D:11     | Reached skill level 9 in Spellcasting
 15640 | D:11     | Reached skill level 5 in Bows
 15660 | D:11     | Reached XP level 11. HP: 65/74 MP: 24/28
 17531 | D:12     | Found a portal to a secret trove of treasure.
 17583 | D:12     | Noticed a two-headed ogre
 17599 | D:12     | Killed a two-headed ogre
 17775 | D:12     | Learned a level 3 spell: Stone Arrow
 18970 | D:12     | Found a runed door.
 18970 | D:12     | Noticed a flayed ghost
 18974 | D:12     | Noticed a deep troll earth mage
 18975 | D:12     | Noticed a tengu reaver
 20052 | D:13     | Noticed a centaur warrior
 20063 | D:13     | Shot with an arrow by a centaur warrior

Skill      XL: |  1  2  3  4  5  6  7  8  9 10 11 |
---------------+----------------------------------+-----
Spellcasting   | 3 4 5 6 7 9 |  9.6
Stealth        | 2 3 4 5 |  5.5
Conjurations   | 1 2 3 4 6 7 8 |  8.3
Dodging        | 2 3 4 |  4.7
Armour         | 1 2 3 |  3.8
Poison Magic   | 1 2 3 |  3.1
Translocations | 1 2 |  2.5
Air Magic      | 1 2 |  2.3
Fire Magic     | 1 2 |  2.9
Bows           | 3 5 8 |  8.2
Slings         | |  0.5
Hexes          | |  0.2
Summonings     | |  0.8
Earth Magic    | |  0.8

Action                   |  1- 3 |  4- 6 |  7- 9 | 10-12 || total
-------------------------+-------+-------+-------+-------++-------
Melee: Whip              |    98 |    44 |    32 |       ||   174
       Unarmed           |     7 |       |       |       ||     7
       Trident           |       |    13 |   391 |     8 ||   412
       Dagger            |       |       |       |     8 ||     8
 Fire: Hunting sling     |       |    69 |    94 |       ||   163
       Shortbow          |       |       |   149 |   814 ||   963
 Cast: Magic Dart        |    56 |    44 |    10 |     7 ||   117
       Conjure Flame     |     1 |     2 |    37 |    59 ||    99
       Mephitic Cloud    |       |     8 |    24 |    28 ||    60
       Blink             |       |     2 |    28 |    11 ||    41
       Stone Arrow       |       |       |       |    25 ||    25
       Slow              |       |       |       |     1 ||     1
Evoke: Wand              |       |       |       |     1 ||     1
  Use: Scroll            |       |     4 |       |     9 ||    13
 Stab: Sleeping          |     3 |     1 |     4 |       ||     8
       Confused          |       |     1 |     4 |       ||     5
       Distracted        |       |       |     2 |       ||     2
  Eat: Chunk             |     5 |     9 |    34 |    20 ||    68
Armor: Robe              |     4 |       |    88 |     6 ||    98
       Leather armour    |    25 |    12 |       |    36 ||    73
Dodge: Dodged            |    81 |    41 |   227 |   120 ||   469
